 Dungeon Crawl Stone Soup version 0.30-a0-172-gc5509c9e31 (webtiles) character file.

Game seed: 2178229242310041040

7 qw the Shield-Bearer (level 2, 0/19 HPs)
             Began as a Gargoyle Fighter on Oct 1, 2022.
             Slain by a jackal (2 damage)
             ... on level 1 of the Dungeon.
             The game lasted 00:00:02 (117 turns).

qw the Shield-Bearer (Gargoyle Fighter)              Turns: 117, Time: 00:00:02

Health: 0/19       AC:  9    Str: 19    XL:     2   Next: 0%
Magic:  2/2        EV:  9    Int:  8    God:
Gold:   0          SH:  4    Dex:  9    Spells: 1/1 levels left

rFire   . . .      SeeInvis .    a - +0 war axe
rCold   . . .      Faith    .    c - +0 buckler
rNeg    + . .      Spirit   .    b - +0 scale mail
rPois   inf        Reflect  .    (no helmet)
rElec   +          Harm     .    (no cloak)
rCorr   .          Rampage  .    (no gloves)
Will    .....                    (no boots)
Stlth   ..........               (no amulet)
HPRegen 0.23/turn                (no ring)
MPRegen 0.08/turn                (no ring)

@: no status effects
A: sickness immunity, AC +2, negative energy resistance 1, electricity
resistance, torment resistance 1, petrification resistance
a: no special abilities


You were on level 1 of the Dungeon.
You visited 1 branch of the dungeon, and saw 1 of its levels.


Innate Abilities, Weirdness & Mutations

You are immune to sickness and miasma.
Your stone body is resilient. (AC +2)
You are immune to poison.
You resist negative energy. (rN+)
You are resistant to electric shocks. (rElec)
You are resistant to unholy torment.
You are immune to petrification.


   Skills:
 - Level 3.2 Fighting
 + Level 2.4 Axes
 - Level 3.2 Armour
 - Level 3.2 Shields


You had one spell level left.
You didn't know any spells.
Your spell library was empty.

Inventory:

Hand Weapons
 a - a +0 war axe (weapon)
 f - a +0 club
Armour
 b - a +0 scale mail (worn)
 c - a +0 buckler (worn)
Scrolls
 e - a scroll of identify {unknown}
Potions
 d - a potion of might

Dungeon Overview and Level Annotations

Branches:
Dungeon (1/15)

Altars:


Message History

The jackal bites you but does no damage. x2
The jackal bites you. The jackal barely misses you.
The jackal closely misses you. The jackal barely misses you.
The rat barely misses you.
You closely miss the jackal.
The jackal is almost dead.
You slash the rat!
You kill the rat!
You closely miss the jackal. x2
The jackal completely misses you.
The jackal bites you but does no damage. x3
You block the jackal's attack. The jackal bites you.
You barely miss the jackal.
The jackal is almost dead.
You barely miss the jackal. You barely miss the giant cockroach.
You closely miss the jackal.
The jackal bites you but does no damage. x2
The giant cockroach bites you but does no damage.
The jackal closely misses you. The jackal completely misses you.
The jackal bites you. The jackal barely misses you.
The giant cockroach bites you but does no damage.
You slash the jackal!
You kill the jackal!
You closely miss the jackal. You closely miss the giant cockroach.
You closely miss the jackal. The jackal barely misses you.
The jackal bites you but does no damage.
The jackal barely misses you.
The jackal bites you but does no damage.
The giant cockroach closely misses you.
You have reached level 2!
You hit the giant cockroach.
The giant cockroach is moderately wounded.
You barely miss the jackal. You slash the giant cockroach!
You kill the giant cockroach!
You closely miss the jackal. The jackal completely misses you.
The jackal barely misses you.
The giant cockroach bites you but does no damage.
The jackal closely misses you. The jackal bites you.
You die...

#8#8#8#...# ##
####.......... .#.#
#..'.###...<.. .....
#.##..........
#.#>########.##8#8#8#...#
............#######8...8
J#.#$#........# ##.#.#
........B%h...# 8.#.8
.#.#.#..h@....# ##.#.#
.$......####### 8. .8
.#.#.##.# .. #.# #. ..#
.. ##. . . . ..


You could see 2 jackals and a giant cockroach.

Vanquished Creatures
  An endoplasm (D:1)
  2 giant cockroaches (D:1)
  2 jackals (D:1)
  A goblin (D:1)
  A rat (D:1)
7 creatures vanquished.

Notes
Turn   | Place    | Note
-------+----------+-------------------------------------------
     0 | D:1      | qw the Gargoyle Fighter began the quest for the Orb.
     0 | D:1      | Reached XP level 1. HP: 14/14 MP: 1/1
     0 | D:1      | 0 ||| qw: Version: 0.2-a-13-gfc7b4b4
     0 | D:1      | 0 ||| qw: Game counter: 1775
     0 | D:1      | 0 ||| qw: Always use a shield: true
     0 | D:1      | 0 ||| qw: God list: Okawaru
     0 | D:1      | 0 ||| qw: Allow faded altars: false
     0 | D:1      | 0 ||| qw: Do Orc after D:15 true
     0 | D:1      | 0 ||| qw: Do second Lair branch before Depths: true
     0 | D:1      | 0 ||| qw: Lair rune preference: random
     0 | D:1      | 0 ||| qw: Plans: Normal, Zot:1-4, God:TSO, Crypt, Tomb,
                  | Pan, Slime:5, Hells, Abyss, Orb
     0 | D:1      | 0 ||| PLANNING D:1-11
   103 | D:1      | 103 ||| Stepping ~*~*~tactically~*~*~ (stealth).
   107 | D:1      | 107 ||| Stepping ~*~*~tactically~*~*~ (stealth).
   109 | D:1      | 109 ||| Stepping ~*~*~tactically~*~*~ (stealth).
   115 | D:1      | HP: 1/14 [jackal (3)]
   117 | D:1      | Reached XP level 2. HP: 2/19 MP: 2/2
   117 | D:1      | Slain by a jackal

Levels and vault maps discovered:
D:1:      heliophobic_arrival_ceremonial_halls, layout_basic,
          shapermc_ecumenical_altar_hornbeckon, st_stairs_12,
          hangedman_decor_lopped

Skill      XL: |  1 |
---------------+----+-----
Axes           | 2 |  2.4
Fighting       | |  3.2
Armour         | |  3.2
Shields        | |  3.2

Action                   || total
-------------------------++-------
Melee: War axe           ||    11
Armor: Scale mail        ||    16
Dodge: Dodged            ||    17
Block: Buckler           ||     3

Table legend:
 A = Non-vault XP
 B = Vault XP
 C = Vault XP percentage of total XP
 D = Non-vault monster count
 E = Vault monster count
 F = Vault count percentage of total count
                 A         B        C        D         E       F
            +---------+---------+-------+---------+---------+-------
      Total |       8 |       4 |  33.3 |       5 |       2 |  28.6
            +---------+---------+-------+---------+---------+-------
        D:1 |       8 |       4 |  33.3 |       5 |       2 |  28.6
            +---------+---------+-------+---------+---------+-------
